 Dungeon Crawl Stone Soup version 0.21.0-3-g78d12a8 (webtiles) character file.

10237 Miyamura the Fighter (level 11, -1/94 HPs)
             Began as a Green Draconian Artificer on Jan 16, 2018.
             Was a Believer of Trog.
             Slain by Urug
             ... wielding a +2 long sword
              (7 damage)
             ... on level 10 of the Dungeon.
             The game lasted 00:29:00 (12329 turns).

Miyamura the Fighter (Green Draconian Artificer)   Turns: 12329, Time: 00:29:01

Health: -1/94      AC: 11    Str: 22    XL:     11   Next: 33%
Magic:  13/13      EV:  2    Int:  9    God:    Trog [**....]
Gold:   156        SH:  0    Dex: 13    Spells: 10/10 levels left

rFire    . . .     SeeInvis .   I - +8 war axe of Somewhere Else {pain, rElec Str+2 Int-4}
rCold    . . .     Gourm    .   M - +0 buckler
rNeg     + + +     Faith    .   (armour unavailable)
rPois    ∞         Spirit   .   (helmet restricted)
rElec    +         Reflect  .   B - +0 cloak
rCorr    .         Harm     .   j - +1 pair of gloves
MR       ++...                  w - +0 pair of boots
Stlth    +++.......             (no amulet)
HPRegen  1.25/turn              t - +5 ring of strength
MPRegen  0.13/turn              q - +4 ring of evasion

@: petrified, berserk cooldown, regenerating
A: breathe noxious fumes, unfitting armour, poison resistance, cold-blooded, AC
+7
a: Breathe Noxious Fumes, Berserk, Trog's Hand, Burn Spellbooks, Renounce
Religion


You were on level 10 of the Dungeon.
You worshipped Trog.
Trog was pleased with you.
You were near starving.

You visited 3 branches of the dungeon, and saw 13 of its levels.

You collected 471 gold pieces.
You spent 315 gold pieces at shops.

Inventory:

Hand Weapons
 C - the +5 mace of the Puffball {pain, rPois rC++ Dex+4}
   (You found it on level 5 of the Dungeon)

   In the hands of one skilled in necromantic magic, it inflicts extra damage on
   living creatures.
   It affects your dexterity (+4).
   It greatly protects you from cold.
   It protects you from poison.
 I - the +8 war axe of Somewhere Else (weapon) {pain, rElec Str+2 Int-4}
   (You found it on level 8 of the Dungeon)

   In the hands of one skilled in necromantic magic, it inflicts extra damage on
   living creatures.
   It affects your strength (+2).
   It affects your intelligence (-4).
   It insulates you from electricity.
 O - the +3 quarterstaff of Dominance {holy, MR++ Str-5}
   (You found it on level 2 of the Lair of Beasts)

   It has been blessed by the Shining One to cause great damage to the undead
   and demons.
   It affects your strength (-5).
   It affects your resistance to hostile enchantments.
Armour
 j - a +1 pair of gloves (worn)
 w - a +0 pair of boots (worn)
 B - a +0 cloak (worn)
 M - a +0 buckler (worn)
Jewellery
 q - a +4 ring of evasion (right hand)
 t - a +5 ring of strength (left hand)
 y - an uncursed amulet of rage
 J - a cursed ring of teleportation {unknown}
 N - a cursed ring of teleportation {unknown}
Wands
 c - a wand of enslavement (7)
 d - a wand of random effects (1)
 x - a wand of polymorph (8)
 F - a wand of iceblast (18)
 Q - a wand of digging (6)
Scrolls
 e - 3 scrolls of amnesia
 i - a scroll of immolation
 m - 2 scrolls of remove curse
 s - 5 scrolls of teleportation
 u - 2 scrolls of fog
 D - a scroll of vulnerability
Potions
 g - 2 potions of mutation
 h - 5 potions of heal wounds
 k - 3 potions of might
 l - a potion of cancellation
 n - 4 potions of haste
 p - 3 potions of berserk rage
 r - a potion of flight {unknown}
 v - 8 potions of curing
 S - 2 potions of lignification
 T - a potion of agility
Miscellaneous
 K - a phial of floods
Comestibles
 a - 5 chunks of flesh
 f - 11 rations


   Skills:
 + Level 8.2 Fighting
   Level 4.2 Short Blades
 + Level 5.4(5.8) Axes
 - Level 3.2(4.7) Maces & Flails
 * Level 7.8 Dodging
 - Level 6.2 Stealth
 - Level 6.0 Shields
 - Level 7.7 Unarmed Combat
 - Level 3.0 Evocations


You had 10 spell levels left.
You didn't know any spells.

Dungeon Overview and Level Annotations

Branches:
Dungeon (10/15)            Temple (1/1) D:6            Lair (2/6) D:8
  Swamp: Lair:2-4    Shoals: Lair:2-4     Snake: Lair:2-4    Spider: Lair:2-4
    Orc: D:9-12

Altars:
Ashenzari
Cheibriados
Dithmenos
Elyvilon
Fedhas
Gozag
Hepliaklqana
Kikubaaqudgha
Makhleb
Nemelex Xobeh
Okawaru
Qazlal
Ru
Sif Muna
Trog
Uskayaw
Vehumet
Wu Jian
Xom
Yredelemnul
Zin
The Shining One

Shops:
D:9 !   D:10 }

Portals:
Bailey: D:10

Annotations:
D:9 1 exclusion
D:10 Urug


Innate Abilities, Weirdness & Mutations

You can breathe blasts of noxious fumes.
Your lurid green scales are hard. (AC +7)
You cannot fit into any form of body armour.
Your system is resistant to poisons. (rPois)
You are cold-blooded and may be slowed by cold attacks.


Message History

Urug hits you but does no damage.
The iguana bites you but does no damage.
The basilisk bites you!
* * * LOW HITPOINT WARNING * * *
Urug hits you with an enchanted long sword!
* * * LOW HITPOINT WARNING * * *
The iguana bites you.
* * * LOW HITPOINT WARNING * * *
The basilisk bites you.
* * * LOW HITPOINT WARNING * * *
Urug hits you with an enchanted long sword!
* * * LOW HITPOINT WARNING * * *
The iguana bites you!
* * * LOW HITPOINT WARNING * * *
The basilisk bites you.
* * * LOW HITPOINT WARNING * * *
The iguana bites you but does no damage.
Urug stares with her one eyeball.
Urug hits you with an enchanted long sword!
You die...

................
##...................
##...≈.≈..............
##...≈≈.≈≈# #..........
##....≈≈∩≈≈# #.........
##.....≈≈≈≈≈ #........)
#.......≈≈≈## ##.(.....)∩
............###.ll......)
...............o@........
.........................
................(........
.................#####...
..###............# ...
##...........# .. .
#^..#####...# .## ##...#
#...# ..###....# ..


You could see Urug, a basilisk and an iguana.

Vanquished Creatures
  2 black mambas (Lair:2)
  A centaur zombie (D:9)
  A rime drake (Lair:2)
  Prince Ribbit (D:8)
  3 blink frogs (Lair:2)
  A hippogriff (Lair:2)
  20 yaks
  A hungry ghost (D:9)
  2 porcupines (Lair:2)
  4 water moccasins
  A sky beast (D:6)
  2 orc warriors
  2 ice beasts
  7 ogres
  4 black bears
  4 centaurs
  3 crocodiles (Lair:1)
  3 wolves (Lair:2)
  A big kobold (D:8)
  5 bullfrogs
  3 scorpions
  8 killer bees (D:9)
  5 wights (D:6)
  A howler monkey (D:4)
  An electric eel (D:8)
  2 bullfrog zombies
  3 crimson imps
  3 jellies
  5 orc wizards
  6 orc priests
  2 bullfrog skeletons
  3 centaur skeletons
  A gnoll shaman (D:7)
  2 iguanas
  Terence (D:3)
  Natasha (thrice) (D:2)
  5 worker ants
  2 hound skeletons
  Robin (D:2)
  4 gnolls (D:8)
  9 adders
  2 shadow imps (D:6)
  A white imp (D:5)
  2 oozes
  An adder skeleton (D:4)
  3 worms (D:3)
  3 dart slugs
  5 leopard geckos
  34 orcs
  2 ball pythons
  7 giant cockroaches
  16 goblins
  12 hobgoblins
  11 jackals
  4 quokkas
  A ball python skeleton (D:5)
  8 bats
  6 frilled lizards
  14 kobolds
  A quokka skeleton (D:6)
  A quokka zombie (D:6)
  8 rats
  3 fungi (Lair:2)
283 creatures vanquished.

Vanquished Creatures (others)
  A hobgoblin (D:1)
  A jackal (D:1)
  3 fungi
5 creatures vanquished.

Grand Total: 288 creatures vanquished

Notes
Turn   | Place    | Note
-------+----------+-------------------------------------------
     0 | D:1      | Miyamura the Draconian Artificer began the quest for the Orb.
     0 | D:1      | Reached XP level 1. HP: 16/16 MP: 3/3
   222 | D:1      | Reached skill level 1 in Stealth
   591 | D:1      | Reached XP level 2. HP: 20/23 MP: 4/4
   597 | D:1      | Reached skill level 1 in Unarmed Combat
  1169 | D:1      | Reached XP level 3. HP: 29/29 MP: 5/5
  1466 | D:2      | Noticed Robin
  1617 | D:2      | Found a sacrificial altar of Ru.
  1629 | D:2      | Reached skill level 2 in Fighting
  1629 | D:2      | Reached XP level 4. HP: 36/36 MP: 6/6
  1781 | D:2      | Killed Robin
  1867 | D:2      | Noticed Natasha
  1878 | D:2      | Killed Natasha
  1878 | D:2      | Reached XP level 5. HP: 26/42 MP: 7/7
  2001 | D:2      | Noticed Natasha
  2009 | D:2      | Killed Natasha
  2099 | D:2      | Noticed Natasha
  2105 | D:2      | Killed Natasha
  2133 | D:2      | Found a bloodstained altar of Trog.
  2967 | D:3      | Noticed Terence
  2999 | D:3      | Killed Terence
  2999 | D:3      | Reached XP level 6. HP: 28/50 MP: 8/8
  3232 | D:3      | Reached skill level 3 in Fighting
  3245 | D:3      | Found a white marble altar of Elyvilon.
  3858 | D:4      | Your scales start taking on a lurid green colour.
  3858 | D:4      | Reached XP level 7. HP: 57/57 MP: 9/9
  3858 | D:4      | Gained mutation: Your system is resistant to poisons. (rPois) [Green Draconian growth]
  4386 | D:5      | Entered Level 5 of the Dungeon
  4583 | D:5      | Noticed Grinder
  4585 | D:5      | Noticed Grinder
  4585 | D:5      | Grinder changed into Grinder the quasit
  4591 | D:5      | Noticed Grinder
  4591 | D:5      | Grinder the quasit changed into Grinder the white imp
  4604 | D:5      | Killed Grinder the white imp
  5146 | D:5      | Found a runed door.
  5461 | D:5      | Noticed Crazy Yiuf
  5462 | D:5      | Noticed Crazy Yiuf
  5462 | D:5      | Crazy Yiuf changed into Crazy Yiuf the steam dragon
  5464 | D:5      | Noticed Crazy Yiuf
  5464 | D:5      | Crazy Yiuf the steam dragon changed into Crazy Yiuf the ogre
  5473 | D:5      | Killed Crazy Yiuf the ogre
  5473 | D:5      | Reached skill level 4 in Fighting
  5473 | D:5      | Reached skill level 5 in Unarmed Combat
  5489 | D:5      | Got a twisted mace
  5490 | D:5      | Identified the +5 mace of the Puffball {pain, rPois rC++ Dex+4} (You found it on level 5 of the Dungeon)
  5554 | D:6      | Reached XP level 8. HP: 66/66 MP: 10/10
  6167 | D:6      | Found a staircase to the Ecumenical Temple.
  6173 | Temple   | Entered the Ecumenical Temple
  6331 | Temple   | Became a worshipper of Trog the Wrathful
  6789 | D:7      | Reached skill level 5 in Fighting
  6801 | D:7      | Reached skill level 1 in Maces & Flails
  7185 | D:7      | Reached XP level 9. HP: 73/74 MP: 11/11
  7406 | D:8      | Noticed Prince Ribbit
  7425 | D:8      | Killed Prince Ribbit
  7425 | D:8      | Reached * piety under Trog
  7425 | D:8      | Reached skill level 5 in Stealth
  7698 | D:8      | Reached skill level 5 in Dodging
  7883 | D:8      | Reached skill level 6 in Fighting
  8080 | D:8      | Got a jewelled war axe
  8081 | D:8      | Identified the +8 war axe of Somewhere Else {pain, rElec Str+2 Int-4} (You found it on level 8 of the Dungeon)
  8253 | D:8      | Found a staircase to the Lair.
  8332 | D:8      | Reached skill level 1 in Axes
  8421 | Lair:1   | Entered Level 1 of the Lair of Beasts
  8768 | Lair:1   | Reached ** piety under Trog
  8768 | Lair:1   | Reached XP level 10. HP: 59/84 MP: 12/12
  8966 | Lair:1   | Reached skill level 7 in Fighting
  9157 | Lair:1   | Reached skill level 1 in Shields
  9644 | Lair:2   | Reached skill level 5 in Shields
  9839 | Lair:2   | Noticed a black mamba
  9839 | Lair:2   | Got a shimmering quarterstaff
  9848 | Lair:2   | Killed a black mamba
 10099 | Lair:2   | Identified the +3 quarterstaff of Dominance {holy, MR++ Str-5} (You found it on level 2 of the Lair of Beasts)
 10400 | Lair:2   | Noticed a black mamba
 10412 | Lair:2   | Killed a black mamba
 10412 | Lair:2   | Reached XP level 11. HP: 92/92 MP: 13/13
 11195 | D:9      | Found Ahopsigh's Distillery.
 11198 | D:9      | Bought 2 potions of curing for 90 gold pieces
 11198 | D:9      | Bought a potion of lignification for 45 gold pieces
 11198 | D:9      | Bought a potion of degeneration for 15 gold pieces
 11198 | D:9      | Bought a potion of might for 60 gold pieces
 11198 | D:9      | Bought a potion of agility for 60 gold pieces
 11198 | D:9      | Bought a potion of curing for 45 gold pieces
 11344 | D:9      | Reached skill level 5 in Axes
 11401 | D:9      | Reached skill level 8 in Fighting
 12077 | D:10     | Entered Level 10 of the Dungeon
 12284 | D:10     | Found Qourph's Gadget Boutique.
 12301 | D:10     | Noticed Urug
 12304 | D:10     | Found a flagged portal.
 12328 | D:10     | HP: 4/94 [basilisk (2)]
 12329 | D:10     | Slain by Urug

Skill      XL: |  1  2  3  4  5  6  7  8  9 10 11 |
---------------+----------------------------------+-----
Stealth        | 1 2 3 4 6 |  6.2
Unarmed Combat | 1 2 3 4 5 6 7 |  7.7
Dodging        | 2 3 4 5 6 7 |  7.8
Fighting       | 2 3 4 5 6 7 8 |  8.2
Short Blades   | 2 3 4 |  4.2
Maces & Flails | 1 3 |  3.2
Axes           | 3 4 5 |  5.4
Shields        | 6 |  6.0
Evocations     | |  3.0

Action                   |  1- 3 |  4- 6 |  7- 9 | 10-12 || total
-------------------------+-------+-------+-------+-------++-------
Melee: Unarmed           |    59 |       |       |       ||    59
       Tailslap          |     9 |    33 |    69 |    37 ||   148
       Dagger            |    72 |   235 |   107 |       ||   414
       Punch             |       |     1 |     8 |     1 ||    10
       Mace              |       |       |   249 |       ||   249
       War axe           |       |       |    46 |   239 ||   285
Invok: Burn Spellbooks   |       |       |     1 |       ||     1
       Trog's Hand       |       |       |       |     5 ||     5
       Berserk           |       |       |       |     4 ||     4
 Abil: Breathe Noxious F |       |       |     7 |     4 ||    11
       Evoke Berserk Rag |       |       |     3 |     3 ||     6
Evoke: Wand              |     6 |    17 |    10 |    12 ||    45
  Use: Scroll            |       |     3 |     5 |    13 ||    21
       Potion            |       |       |       |     3 ||     3
 Stab: Sleeping          |     3 |     1 |     8 |     5 ||    17
       Paralysed         |       |     1 |       |       ||     1
       Distracted        |       |     1 |       |     1 ||     2
       Confused          |       |       |     2 |     4 ||     6
  Eat: Chunk             |     2 |     8 |    12 |    18 ||    40
       Ration            |       |       |     2 |     1 ||     3
Armor: Skin              |    53 |    80 |   103 |    70 ||   306
Dodge: Dodged            |    74 |   172 |   397 |   268 ||   911
Block: Buckler           |       |       |       |    59 ||    59
